PAA
MERCER ISLAND SCREAMING EAGLES @ SAN ANTONIO BC
09/02/2028
 
TOP OF THE 1ST
Mercer Island Screaming Eagles batting - Pitching for San Antonio BC : LHP Nees Stroo
Pitching: LHP Nees Stroo
Batting: RHB Raúl Chávez 0-0: Foul Ball, location: 2F
0-1: SINGLE (Flyball, 78S)
Batting: RHB Luis Jiménez 0-0: Ball
1-0: Foul Ball, location: 2F
1-1: Foul Ball, location: 2F
1-2: Strikes out swinging
Batting: RHB Martinus Xhaka 0-0: Ball
Raúl Chávez steals 2nd base
1-0: Ball
2-0: Called Strike
2-1: Ball
3-1: Base on Balls
Batting: RHB Cristo González 0-0: Ball
1-0: Foul Ball, location: 2F
1-1: Ball
Raúl Chávez steals 3rd base
Martinus Xhaka to second
2-1: Fly out, F3 (Popup, 34)
Batting: RHB Wade Killefer 0-0: Ball
1-0: Ball
2-0: Ball
3-0: Called Strike
3-1: Called Strike
3-2: Foul Ball, location: 2F
3-2: Base on Balls
Batting: RHB Francisco Agámez 0-0: Ball
1-0: Called Strike
1-1: Ball
2-1: Swinging Strike
2-2: Strikes out swinging
Top of the 1st over - 0 run(s), 1 hit(s), 0 error(s), 3 left on base; Mercer Island 0 - San Antonio 0
BOTTOM OF THE 1ST
San Antonio BC batting - Pitching for Mercer Island Screaming Eagles : RHP Panda Montana
Pitching: RHP Panda Montana
Batting: SHB Esteban Borsellino 0-0: Called Strike
0-1: Called Strike
0-2: Strikes out swinging
Batting: RHB Chris Harrell 0-0: SOLO HOME RUN (Flyball, 7LD), Distance : 367 ft
Batting: RHB Alba Hidalgo de Jesus 0-0: Foul Ball, location: 2F
0-1: Ball
1-1: Fly out, F3 (Line Drive, 3S)
Batting: LHB Earl Wiley 0-0: Ball
1-0: Ball
2-0: Swinging Strike
2-1: Called Strike
2-2: Strikes out swinging
Bottom of the 1st over - 1 run(s), 1 hit(s), 0 error(s), 0 left on base; Mercer Island 0 - San Antonio 1
TOP OF THE 2ND
Mercer Island Screaming Eagles batting - Pitching for San Antonio BC : LHP Nees Stroo
Batting: RHB Leonardo Ramírez 0-0: Swinging Strike
0-1: Foul Ball, location: 2F
0-2: Ball
1-2: Ball
2-2: Ball
3-2: SINGLE (Groundball, 3D)
Batting: LHB Jorge Pérez 0-0: Ball
1-0: Ball
2-0: Foul Ball, location: 2F
2-1: Ball
3-1: Fly out, F8 (Flyball, 8LS)
Batting: LHB Mike Russell 0-0: SINGLE (Groundball, 6MD)
Leonardo Ramírez to second
Batting: RHB Raúl Chávez 0-0: Swinging Strike
0-1: Swinging Strike
0-2: Foul Ball, location: 2F
0-2: Ball
1-2: Ball
2-2: Grounds into double play, 6-4-3 (Groundball, 6)
Top of the 2nd over - 0 run(s), 2 hit(s), 0 error(s), 1 left on base; Mercer Island 0 - San Antonio 1
BOTTOM OF THE 2ND
San Antonio BC batting - Pitching for Mercer Island Screaming Eagles : RHP Panda Montana
Batting: RHB Noël Sassetti 0-0: Called Strike
0-1: Ball
1-1: Foul Ball, location: 2F
1-2: Ground out 6-3 (Groundball, 6)
Batting: LHB Juan Medina 0-0: Ball
1-0: Called Strike
1-1: Swinging Strike
1-2: Strikes out looking
Batting: RHB Phil Dougherty 0-0: Ball
1-0: Swinging Strike
1-1: Called Strike
1-2: Strikes out swinging
Bottom of the 2nd over - 0 run(s), 0 hit(s), 0 error(s), 0 left on base; Mercer Island 0 - San Antonio 1
TOP OF THE 3RD
Mercer Island Screaming Eagles batting - Pitching for San Antonio BC : LHP Nees Stroo
Batting: RHB Luis Jiménez 0-0: Foul Ball, location: 2F
0-1: Swinging Strike
0-2: SINGLE (Line Drive, 8LS)
Batting: RHB Martinus Xhaka 0-0: Foul Ball, location: 2F
0-1: Ball
1-1: SINGLE (Line Drive, 34)
Luis Jiménez to second
Batting: RHB Cristo González 0-0: Ball
1-0: Ball
2-0: Called Strike
2-1: Foul Ball, location: 2F
2-2: Foul Ball, location: 2F
2-2: SINGLE (Groundball, 3D)
Luis Jiménez to third
Martinus Xhaka to second
Batting: RHB Wade Killefer 0-0: Ball
1-0: Ball
2-0: Called Strike
2-1: Ball
3-1: Swinging Strike
3-2: Fly out, F8 (Flyball, 8RM)
Runner from 3rd tags up, SCORES, throw made
Batting: RHB Francisco Agámez 0-0: Ball
1-0: Called Strike
1-1: Foul Ball, location: 2F
1-2: Ball
2-2: Ball
3-2: Base on Balls
Martinus Xhaka to third
Cristo González to second
Batting: RHB Leonardo Ramírez 0-0: Called Strike
0-1: Fly out, F9 (Flyball, 9S)
Batting: LHB Jorge Pérez 0-0: Ball
1-0: Foul Ball, location: 2F
1-1: Foul Ball, location: 2F
1-2: Fly out, F9 (Line Drive, 9LS)
Top of the 3rd over - 1 run(s), 3 hit(s), 0 error(s), 3 left on base; Mercer Island 1 - San Antonio 1
BOTTOM OF THE 3RD
San Antonio BC batting - Pitching for Mercer Island Screaming Eagles : RHP Panda Montana
Batting: RHB José Perea 0-0: Ground out 6-3 (Groundball, 6)
Batting: SHB Anastasio Delgadilo 0-0: Ground out 4-3 (Groundball, 4S)
Batting: SHB Esteban Borsellino 0-0: Called Strike
0-1: SINGLE (Groundball, 6D)
Batting: RHB Chris Harrell 0-0: Swinging Strike
0-1: Ball
1-1: Swinging Strike
1-2: Strikes out swinging
Bottom of the 3rd over - 0 run(s), 1 hit(s), 0 error(s), 1 left on base; Mercer Island 1 - San Antonio 1
TOP OF THE 4TH
Mercer Island Screaming Eagles batting - Pitching for San Antonio BC : LHP Nees Stroo
Batting: LHB Mike Russell 0-0: Ball
1-0: Ball
2-0: Swinging Strike
2-1: Swinging Strike
2-2: Ball
3-2: Fly out, F7 (Flyball, 7S)
Batting: RHB Raúl Chávez 0-0: Fly out, F5 (Popup, 56)
Batting: RHB Luis Jiménez 0-0: Called Strike
0-1: Swinging Strike
0-2: Strikes out looking
Top of the 4th over - 0 run(s), 0 hit(s), 0 error(s), 0 left on base; Mercer Island 1 - San Antonio 1
BOTTOM OF THE 4TH
San Antonio BC batting - Pitching for Mercer Island Screaming Eagles : RHP Panda Montana
Batting: RHB Alba Hidalgo de Jesus 0-0: Ball
1-0: Called Strike
1-1: Fly out, F9 (Flyball, 89S)
Batting: LHB Earl Wiley 0-0: Foul Ball, location: 2F
0-1: Ball
1-1: Swinging Strike
1-2: Ball
2-2: Foul Ball, location: 2F
2-2: Ground out 6-3 (Groundball, 6)
Batting: RHB Noël Sassetti 0-0: Ball
1-0: Ball
2-0: Called Strike
2-1: Fly out, F7 (Flyball, 78M)
Bottom of the 4th over - 0 run(s), 0 hit(s), 0 error(s), 0 left on base; Mercer Island 1 - San Antonio 1
TOP OF THE 5TH
Mercer Island Screaming Eagles batting - Pitching for San Antonio BC : LHP Nees Stroo
Batting: RHB Martinus Xhaka 0-0: Ground out 6-3 (Groundball, 6)
Batting: RHB Cristo González 0-0: SINGLE (Line Drive, 6MD)
Batting: RHB Wade Killefer 0-0: Swinging Strike
0-1: Ball
1-1: Ball
2-1: Ball
3-1: Base on Balls
Cristo González to second
Batting: RHB Francisco Agámez 0-0: Ball
1-0: Ball
Cristo González steals 3rd base
Wade Killefer to second
2-0: Ball
3-0: Called Strike
3-1: DOUBLE (Line Drive, 7LD)
Cristo González scores
Wade Killefer scores
Batting: RHB Leonardo Ramírez 0-0: Called Strike
0-1: Foul Ball, location: 2F
0-2: Strikes out swinging
Batting: LHB Jorge Pérez 0-0: SINGLE (Groundball, 4D)
Francisco Agámez to third
Runner from 3rd tries for Home, SAFE, no throw
Batting: LHB Mike Russell 0-0: Ball
1-0: Called Strike
1-1: SINGLE (Flyball, 78S)
Jorge Pérez to second
Batting: RHB Raúl Chávez 0-0: Ground out 5-3 (Groundball, 56S)
Top of the 5th over - 3 run(s), 4 hit(s), 0 error(s), 2 left on base; Mercer Island 4 - San Antonio 1
BOTTOM OF THE 5TH
San Antonio BC batting - Pitching for Mercer Island Screaming Eagles : RHP Panda Montana
Batting: LHB Juan Medina 0-0: Ball
1-0: Foul Ball, location: 2F
1-1: Foul Ball, location: 2F
1-2: Strikes out swinging
Batting: RHB Phil Dougherty 0-0: Ball
1-0: Foul Ball, location: 2F
1-1: Foul Ball, location: 2F
1-2: Hit by Pitch
Batting: RHB José Perea 0-0: Called Strike
0-1: Fly out, F5 (Line Drive, 56)
Batting: SHB Anastasio Delgadilo 0-0: Ball
Wild Pitch!
Phil Dougherty to second
1-0: Called Strike
1-1: Called Strike
1-2: Ball
2-2: Strikes out swinging
Bottom of the 5th over - 0 run(s), 0 hit(s), 0 error(s), 1 left on base; Mercer Island 4 - San Antonio 1
TOP OF THE 6TH
Mercer Island Screaming Eagles batting - Pitching for San Antonio BC : LHP Nees Stroo
Batting: RHB Luis Jiménez 0-0: SINGLE (Groundball, 56D)
Batting: RHB Martinus Xhaka 0-0: Foul Ball, location: 2F
0-1: Foul Ball, location: 2F
0-2: Strikes out swinging
Batting: RHB Cristo González 0-0: Called Strike
0-1: Ball
1-1: Foul Ball, location: 2F
1-2: Fly out, F6 (Popup, 56D)
Pitching: LHP Miguel Jiménez
Batting: RHB Wade Killefer 0-0: Ball
Passed Ball!
Luis Jiménez to second
1-0: Ball
2-0: Called Strike
2-1: Ball
3-1: Base on Balls
Batting: RHB Francisco Agámez 0-0: Ball
1-0: SINGLE (Line Drive, 34D)
Luis Jiménez to third
Wade Killefer to second
Runner from 3rd tries for Home, SAFE, no throw
Batting: RHB Leonardo Ramírez 0-0: SINGLE (Groundball, 34D)
Wade Killefer to third
Francisco Agámez to second
Runner from 3rd tries for Home, SAFE, throw made home
Batting: LHB Jorge Pérez 0-0: Called Strike
0-1: Fielders Choice at 2nd, 4-6 (Groundball, 4)
Top of the 6th over - 2 run(s), 3 hit(s), 0 error(s), 1 left on base; Mercer Island 6 - San Antonio 1
BOTTOM OF THE 6TH
San Antonio BC batting - Pitching for Mercer Island Screaming Eagles : RHP Panda Montana
Batting: SHB Esteban Borsellino 0-0: Foul Ball, location: 2F
0-1: Fly out, F7 (Flyball, 78S)
Batting: RHB Chris Harrell 0-0: Called Strike
0-1: Ball
1-1: Ball
2-1: Ball
3-1: Base on Balls
Batting: RHB Alba Hidalgo de Jesus 0-0: Ball
1-0: Grounds into double play, 4-6-3 (Groundball, 4)
Bottom of the 6th over - 0 run(s), 0 hit(s), 0 error(s), 0 left on base; Mercer Island 6 - San Antonio 1
TOP OF THE 7TH
Mercer Island Screaming Eagles batting - Pitching for San Antonio BC : LHP Miguel Jiménez
Batting: LHB Mike Russell 0-0: Called Strike
0-1: Ball
1-1: DOUBLE (Line Drive, 9LM)
Batting: RHB Raúl Chávez 0-0: Ball
1-0: Ball
2-0: TRIPLE (Flyball, 9LM)
Mike Russell scores
Batting: RHB Luis Jiménez 0-0: Ball
1-0: Called Strike
1-1: Foul Ball, location: 2F
1-2: Foul Ball, location: 2F
1-2: Ball
2-2: Ball
3-2: Foul Ball, location: 2F
3-2: Foul Ball, location: 2F
3-2: Strikes out swinging
Batting: RHB Martinus Xhaka 0-0: Ball
1-0: Ball
2-0: Called Strike
2-1: Called Strike
2-2: Fly out, F7 (Flyball, 7LM)
Runner from 3rd tags up, SCORES, no throw
Batting: RHB Cristo González 0-0: Fly out, F9 (Flyball, 9LMF)
Top of the 7th over - 2 run(s), 2 hit(s), 0 error(s), 0 left on base; Mercer Island 8 - San Antonio 1
BOTTOM OF THE 7TH
San Antonio BC batting - Pitching for Mercer Island Screaming Eagles : RHP Panda Montana
Batting: LHB Earl Wiley 0-0: Called Strike
0-1: Foul Ball, location: 2F
0-2: Ball
1-2: Fly out, F1 (Line Drive, 13)
Batting: RHB Noël Sassetti 0-0: Called Strike
0-1: Ball
1-1: Ground out 3-1 (Groundball, 34)
Batting: LHB Juan Medina 0-0: Called Strike
0-1: Ball
1-1: Called Strike
1-2: Foul Ball, location: 2F
1-2: Hit by Pitch
Batting: RHB Phil Dougherty 0-0: Ball
1-0: Ball
2-0: Foul Ball, location: 2F
2-1: Ball
3-1: Base on Balls
Juan Medina to second
Pitching: RHP Lucas Cobb
Batting: RHB José Perea 0-0: Ball
1-0: Ball
2-0: Ball
3-0: Base on Balls
Juan Medina to third
Phil Dougherty to second
Batting: SHB Anastasio Delgadilo 0-0: Fly out, F3 (Line Drive, 3)
Bottom of the 7th over - 0 run(s), 0 hit(s), 0 error(s), 3 left on base; Mercer Island 8 - San Antonio 1
TOP OF THE 8TH
Mercer Island Screaming Eagles batting - Pitching for San Antonio BC : LHP Miguel Jiménez
Batting: RHB Wade Killefer 0-0: Ball
1-0: Called Strike
1-1: Foul Ball, location: 2F
1-2: Foul Ball, location: 2F
1-2: Foul Ball, location: 2F
1-2: Ball
2-2: SINGLE (Line Drive, 56)
Batting: RHB Francisco Agámez 0-0: Called Strike
0-1: Ball
1-1: Ball
2-1: Swinging Strike
2-2: Grounds into double play, 5-4-3 (Groundball, 5)
Batting: RHB Leonardo Ramírez 0-0: Ball
1-0: Foul Ball, location: 2F
1-1: Ball
2-1: SINGLE (Flyball, 8LS)
Pitching: RHP Michael Taylor
Batting: LHB Jorge Pérez 0-0: Ball
1-0: Fielders Choice at 2nd, 6-4 (Groundball, 6)
Top of the 8th over - 0 run(s), 2 hit(s), 0 error(s), 0 left on base; Mercer Island 8 - San Antonio 1
BOTTOM OF THE 8TH
San Antonio BC batting - Pitching for Mercer Island Screaming Eagles : RHP Lucas Cobb
Batting: SHB Esteban Borsellino 0-0: Ball
1-0: Ground out 6-3 (Groundball, 6D)
Batting: RHB Chris Harrell 0-0: Ball
1-0: Ball
2-0: Fly out, F7 (Line Drive, 78D)
Batting: RHB Alba Hidalgo de Jesus 0-0: SINGLE (Groundball, 4MD)
Batting: LHB Earl Wiley 0-0: Ball
1-0: Foul Ball, location: 2F
1-1: Ground out 1-3 (Groundball, 15S)
Bottom of the 8th over - 0 run(s), 1 hit(s), 0 error(s), 1 left on base; Mercer Island 8 - San Antonio 1
TOP OF THE 9TH
Mercer Island Screaming Eagles batting - Pitching for San Antonio BC : RHP Michael Taylor
Batting: LHB Mike Russell 0-0: Called Strike
0-1: Ball
1-1: Swinging Strike
1-2: Ball
2-2: Ground out 1-3 (Groundball, 13S)
Batting: RHB Raúl Chávez 0-0: Swinging Strike
0-1: Called Strike
0-2: Ground out 5-3 (Groundball, 5L)
Batting: RHB Luis Jiménez 0-0: Foul Ball, location: 2F
0-1: Foul Ball, location: 2F
0-2: Foul Ball, location: 2F
0-2: Ball
1-2: Foul Ball, location: 2F
1-2: SINGLE (Line Drive, 56)
Batting: RHB Martinus Xhaka 0-0: Called Strike
0-1: Foul Ball, location: 2F
0-2: Foul Ball, location: 2F
0-2: 2-RUN HOME RUN (Flyball, 7D), Distance : 394 ft
Batting: RHB Cristo González 0-0: Swinging Strike
0-1: SINGLE (Line Drive, 8LS)
Batting: RHB Wade Killefer 0-0: Ball
1-0: Ball
2-0: Foul Ball, location: 2F
2-1: Called Strike
2-2: Foul Ball, location: 2F
2-2: Fly out, F3 (Popup, 3L)
Top of the 9th over - 2 run(s), 3 hit(s), 0 error(s), 1 left on base; Mercer Island 10 - San Antonio 1
BOTTOM OF THE 9TH
San Antonio BC batting - Pitching for Mercer Island Screaming Eagles : RHP Lucas Cobb
Batting: RHB Noël Sassetti 0-0: Foul Ball, location: 2F
0-1: Called Strike
0-2: Ball
1-2: SINGLE (Groundball, 6MD)
Batting: LHB Juan Medina 0-0: Ball
1-0: Foul Ball, location: 2F
1-1: Called Strike
1-2: Foul Ball, location: 2F
1-2: Fly out, F9 (Flyball, 9LS)
Batting: RHB Phil Dougherty 0-0: Swinging Strike
0-1: Ball
1-1: Called Strike
1-2: Strikes out swinging
Batting: RHB José Perea 0-0: Ball
1-0: Foul Ball, location: 2F
1-1: Foul Ball, location: 2F
1-2: Fielders Choice at 2nd, 6-4 (Groundball, 6)
Bottom of the 9th over - 0 run(s), 1 hit(s), 0 error(s), 0 left on base; Mercer Island 10 - San Antonio 1
Thursday, August 31st, 2017 - OOTP Baseball 17.12 Build 75